Map: 宿怨战场-天梯版

Players

llllllllllll (Oliveira) - Winner!

  • Race: Terran Terran
  • League: Master
  • Spawn Location: 7:00

llllllllllll (GuMiho)

  • Race: Terran Terran
  • League: Master
  • Spawn Location: 1:00

Event: 2019 Assembly Summer

VOD

Have the link to the VOD?

Description

Time

  • Played on: Aug. 1, 2019, 11:34 a.m.
  • Length: 11:26

All games in this series

Show
View Real Time Build Order
Export as new Build Order

llllllllllll Terran - Winner!

Build Orders:  

Get SALT Encoding   

  12  0:00  SCV  
  13  0:13  SCV  
  14  0:17  Supply Depot  
  14  0:25  SCV  
  14  0:28  Refinery  
  15  0:38  SCV  
  16  0:44  Barracks  
  16  0:50  SCV  
  16  0:55  Refinery  
  17  1:03  SCV  
  18  1:15  SCV  
  19  1:32  Orbital Command  
  19  1:34  Factory, Reaper  
  20  1:42  Supply Depot  
  20  1:58  SCV  
  21  2:06  Reaper  
  22  2:10  SCV  
  23  2:18  Hellion  
  25  2:26  Command Center  
  25  2:28  SCV  
  25  2:40  SCV  
  25  2:41  Widow Mine  
  25  2:42  Barracks Reactor  
  28  2:48  Starport  
  28  2:52  SCV  
  28  2:55  Supply Depot  
  29  3:03  Factory Tech Lab  
  29  3:04  SCV  
  30  3:19  Marine  
  29  3:20  Marine  
  29  3:25  Cyclone  
  32  3:27  Starport Tech Lab  
  32  3:28  SCV  
  33  3:37  Marine  
  33  3:38  Marine  
  33  3:40  SCV  
  33  3:52  SCV  
  33  3:54  Raven  
  33  3:55  Marine  
  37  3:56  Marine  
  37  3:59  Refinery  
  38  4:04  SCV  
  39  4:13  Marine  
  39  4:14  Cyclone, Marine, Orbital Command  
  44  4:19  SCV  
  45  4:28  Supply Depot  
  45  4:31  Marine  
  45  4:32  Marine  
  46  4:41  Raven  
  46  4:43  SCV x2  
  50  4:48  Siege Tank  
  50  4:49  Marine  
  50  4:50  Marine  
  55  4:56  SCV x2  
  55  4:57  Supply Depot  
  57  5:08  SCV x2  
  57  5:10  Marine x2  
  61  5:14  Supply Depot  
  61  5:23  SCV x2  
  61  5:24  Raven  
  65  5:28  Command Center  
  65  5:34  Siege Tank  
  68  5:37  SCV  
  68  5:39  Refinery  
  68  5:40  SCV  
  70  5:49  SCV  
  71  5:52  SCV  
  71  5:53  Supply Depot  
  74  6:01  SCV  
  75  6:04  SCV  
  74  6:13  SCV  
  74  6:14  Siege Tank  
  74  6:17  SCV  
  79  6:18  Barracks  
  79  6:19  Barracks  
  79  6:21  Viking x2, Marine  
  84  6:27  Stimpack, SCV  
  85  6:33  SCV  
  86  6:40  Engineering Bay x2, SCV  
  86  6:45  Orbital Command  
  87  6:52  Siege Tank  
  90  6:54  Viking  
  90  7:00  Viking  
  94  7:04  Marine  
  94  7:07  SCV  
  76  7:23  Orbital Command  
  76  7:24  Viking  
  76  7:29  Barracks Reactor  
  76  7:30  Viking, Barracks Reactor  
  76  7:32  Terran Infantry Armor Level 1, Terran Infantry Weapons Level 1  
  76  7:34  SCV  
  76  7:36  SCV  
  80  7:38  Barracks  
  80  7:39  Barracks  
  80  7:42  Siege Tank  
  83  7:44  Marine  
  83  7:47  SCV  
  83  7:49  SCV x2  
  87  7:56  Supply Depot  
  87  7:59  SCV  
  87  8:01  SCV x2  
  87  8:02  Viking  
  87  8:04  Viking  
  87  8:05  Marine  
  95  8:06  Marine  
  95  8:10  Marine  
  95  8:11  SCV  
  98  8:13  SCV x2  
  98  8:14  Supply Depot  
  98  8:18  Supply Depot, Marine  
  101  8:22  Marine  
  101  8:23  SCV  
  101  8:25  SCV  
  101  8:26  Siege Tank  
  107  8:27  Barracks Reactor  
  107  8:28  Barracks Reactor  
  107  8:29  SCV  
  107  8:30  Combat Shield  
  107  8:33  Marine  
  109  8:41  Medivac  
  111  8:46  Marine x2, Medivac  
  114  8:49  SCV  
  114  8:50  SCV  
  114  8:52  Supply Depot x2, Refinery x2, SCV  
  117  8:57  Marine x2  
  119  9:03  Siege Tank  
  119  9:05  SCV  
  120  9:13  Marine x2, Marauder  
  120  9:15  Marine  
  117  9:20  Marine  
  117  9:22  Marine  
  107  9:24  SCV x2  
  107  9:25  Marine x2, SCV  
  107  9:29  Viking x2, Marine  
  107  9:31  Marine  
  115  9:35  Marauder  
  112  9:38  Marine x2  
  112  9:40  SCV  
  112  9:42  Marine x2  
  115  9:45  SCV  
  115  9:47  Marine x2, SCV  
  115  9:51  Siege Tank  
  115  9:52  SCV  
  120  9:53  Marine  
  120  9:56  Marauder  
  120  9:57  Marine  
  120  9:58  Marine, SCV  
  120  9:59  SCV  
  125  10:04  SCV  
  126  10:07  Marine  
  127  10:15  Marine  
  127  10:17  Marauder  
  127  10:18  Command Center  
  130  10:21  Marine  
  130  10:22  Marine x2  
  130  10:24  Viking x2  
  130  10:25  SCV  
  130  10:26  Marine  
  135  10:28  Marine  
  135  10:33  SCV x2  
  138  10:36  Supply Depot  
  138  10:38  Armory, Supply Depot  
  138  10:39  Marauder  
  134  10:44  Marine x2  
  134  10:47  Siege Tank  
  133  10:55  Marine x2  
  126  10:59  Marine x4  
  126  11:00  Marauder  
  126  11:02  Marine  
  134  11:05  Factory  
  134  11:13  SCV  
Show
View Real Time Build Order
Export as new Build Order

llllllllllll Terran 

Build Orders: Mech 

Get SALT Encoding   

  12  0:00  SCV  
  13  0:12  SCV  
  14  0:17  Supply Depot  
  14  0:24  SCV  
  14  0:28  Refinery  
  15  0:38  SCV  
  16  0:44  Barracks  
  16  0:51  SCV  
  16  0:55  Refinery  
  17  1:03  SCV  
  18  1:15  SCV  
  19  1:31  Reaper, Orbital Command  
  20  1:36  Factory  
  20  1:46  Supply Depot  
  20  1:56  SCV  
  21  2:03  Reaper  
  22  2:09  SCV  
  23  2:19  Hellion  
  25  2:30  Command Center  
  25  2:33  SCV  
  25  2:35  Reaper  
  27  2:41  Hellion  
  28  2:45  Supply Depot  
  28  2:46  SCV  
  29  2:55  Starport  
  29  2:59  SCV  
  30  3:07  Hellion  
  31  3:17  SCV  
  31  3:26  Barracks Reactor  
  29  3:29  Factory Tech Lab, SCV  
  29  3:33  Starport Tech Lab  
  30  3:41  SCV  
  30  3:45  Orbital Command  
  30  3:53  SCV  
  30  3:55  Banshee  
  34  3:56  Cyclone  
  34  3:58  Refinery  
  37  4:03  Marine x2  
  37  4:05  SCV  
  40  4:13  SCV  
  41  4:17  SCV  
  41  4:20  Marine  
  41  4:21  Marine  
  44  4:25  SCV  
  44  4:28  Supply Depot  
  44  4:29  Siege Tank  
  44  4:30  SCV  
  49  4:38  Supply Depot, SCV  
  49  4:40  Marine x2  
  49  4:42  SCV  
  52  4:49  Supply Depot  
  52  4:50  SCV  
  52  4:51  Raven  
  55  4:54  SCV  
  55  4:55  Supply Depot  
  55  4:58  Marine  
  55  4:59  Marine  
  58  5:02  SCV  
  58  5:06  SCV  
  60  5:07  Siege Tank  
  60  5:16  SCV  
  60  5:18  SCV  
  60  5:19  Marine x2  
  64  5:28  Command Center  
  64  5:29  SCV  
  64  5:30  SCV  
  66  5:35  Raven  
  66  5:37  Marine  
  66  5:38  Marine  
  66  5:41  Supply Depot, SCV  
  66  5:42  SCV  
  72  5:46  Refinery  
  72  5:47  Siege Tank  
  75  5:53  SCV  
  75  5:54  SCV  
  75  5:55  Marine x2  
  79  5:58  Supply Depot  
  79  6:06  SCV x2  
  79  6:18  SCV x2  
  80  6:19  Siege Tank  
  84  6:30  SCV  
  84  6:31  Viking x2, SCV  
  90  6:33  Factory  
  90  6:37  Engineering Bay  
  90  6:38  Mag-Field Accelerator  
  90  6:41  Orbital Command  
  90  6:46  Factory  
  90  6:49  Refinery  
  90  6:50  Refinery  
  90  6:52  Barracks Reactor, SCV  
  90  6:53  SCV  
  92  7:01  Viking  
  93  7:02  Viking  
  87  7:20  SCV x2  
  76  7:28  Hellion, Siege Tank  
  73  7:30  SCV  
  73  7:32  SCV x2  
  73  7:36  Viking x2  
  80  7:42  SCV  
  80  7:43  Supply Depot  
  81  7:45  SCV x2  
  81  7:51  Hellion x2  
  89  7:53  Infernal Pre-Igniter  
  89  7:54  SCV  
  89  7:58  SCV x2  
  92  8:02  Cyclone  
  92  8:03  Cyclone  
  96  8:06  SCV  
  96  8:11  Armory x2  
  97  8:16  Hellion x2  
  97  8:17  SCV x2  
  103  8:24  Viking  
  103  8:25  Viking  
  108  8:34  SCV x2  
  108  8:35  Factory x2, SCV  
  109  8:42  Siege Tank  
  109  8:43  Siege Tank  
  109  8:44  Hellion x2  
  119  8:50  Supply Depot  
  119  8:51  Supply Depot, SCV x2  
  121  8:57  Viking x2  
  125  9:05  Command Center  
  125  9:17  Cyclone x2  
  125  9:18  Hellion x2  
  123  9:32  Viking x2  
  118  9:39  Hellion x2  
  122  9:46  Missile Turret  
  122  9:47  Missile Turret  
  122  9:49  Siege Tank, Orbital Command  
  108  10:01  Hellion x2  
  108  10:02  Viking x2  
  108  10:06  Refinery  
  116  10:08  Refinery  
  116  10:17  Liberator  
  116  10:18  SCV  
  116  10:20  Supply Depot  
  117  10:24  Liberator  
  117  10:38  Orbital Command  
  110  10:57  SCV  
  109  11:08  Refinery  
  109  11:10  SCV  
Tags
 
Add a new tag
Caveats
  • Supply blocks, unpowered buildings, or Contaminate may cause inaccurate times.
  • Supply counts are checked every 10 seconds.